 Dungeon Crawl Stone Soup version 0.20.1-1-g8b1a95d (webtiles) character file.

79 Nattfarinn the Sneak (level 4, -3/30 HPs)
             Began as an Octopode Assassin on Aug 2, 2017.
             Slain by a centaur skeleton (5 damage)
             ... on level 4 of the Dungeon.
             The game lasted 00:02:46 (1677 turns).

Nattfarinn the Sneak (Octopode Assassin)            Turns: 1677, Time: 00:02:46

Health: -3/30      AC:  1    Str: 10    XL:     4   Next: 38%
Magic:  4/4        EV: 13    Int: 13    God:
Gold:   114        SH:  0    Dex: 14    Spells: 3/3 levels left

rFire    . . .     SeeInvis .   h - +1 spear (venom)
rCold    . . .     Gourm    .   (no shield)
rNeg     . . .     Faith    .   (helmet restricted)
rPois    .         Spirit   .   k - amulet of regeneration
rElec    .         Reflect  .   (no ring)
rCorr    .         Harm     .   (no ring)
MR       .....                  (no ring)
Stlth    +++++.....             (no ring)
Regen    0.5/turn               (no ring)
MPRegen  0.1/turn               (no ring)
                                (no ring)
                                (no ring)

@: no status effects
A: almost no armour, stealthy swim, amphibious, 8 rings, constrict 8, camouflage
1, gelatinous body 1
a: no special abilities


You were on level 4 of the Dungeon.
You were very hungry.

You visited 1 branch of the dungeon, and saw 4 of its levels.

You collected 114 gold pieces.

Inventory:

Hand Weapons
 a - a +2 dagger
 b - a +0 blowgun
 h - a +1 spear of venom (weapon)
 t - a +4 dagger
Missiles
 c - 8 poisoned needles
 d - 2 curare-tipped needles
Jewellery
 k - an amulet of regeneration (around mantle)
 o - a +2 ring of dexterity {unknown}
Scrolls
 e - 2 scrolls of teleportation {unknown}
 g - a scroll of fear {unknown}
 m - 4 scrolls of identify {unknown}
 p - 2 scrolls of random uselessness {unknown}
 q - a scroll of enchant weapon {unknown}
 r - a scroll of fog {unknown}
 v - 3 scrolls of blinking {unknown}
 w - a scroll of remove curse {unknown}
Potions
 l - a potion of cancellation {unknown}
 s - a potion of lignification {unknown}
 u - 3 potions of heal wounds {unknown}
 x - a potion of degeneration {unknown}
 z - a potion of agility {unknown}
 A - a potion of flight {unknown}
 B - a potion of mutation {unknown}
Comestibles
 f - 3 bread rations
 i - 5 fruits
 j - 5 royal jellies
 n - 4 meat rations


   Skills:
 * Level 2.5 Fighting
 + Level 2.1 Short Blades
 - Level 2.0 Throwing
 - Level 1.0 Dodging
 * Level 7.4 Stealth


You had 3 spell levels left.
You didn't know any spells.

Dungeon Overview and Level Annotations

Branches:
Dungeon (4/15)
 Temple: D:4-7

Altars:
Ashenzari
Cheibriados
Vehumet
Yredelemnul
The Shining One


Innate Abilities, Weirdness & Mutations

You cannot wear most types of armour.
You are very stealthy in the water. (Stealth+)
You are amphibious.
You can wear up to eight rings at the same time.
You can use your tentacles to constrict eight enemies at once.
Your skin changes colour to match your surroundings (Stealth+).
Your rubbery body absorbs attacks. (AC +1, EV +1)


Message History

You are too injured to fight recklessly!
You are too injured to fight recklessly!
You are too injured to fight recklessly!
You are too injured to fight recklessly!
You are too injured to fight recklessly!
You are too injured to fight recklessly!
You are too injured to fight recklessly!
You hit the centaur skeleton.
The centaur skeleton is heavily damaged.
The centaur skeleton closely misses you. x2
You hit the centaur skeleton.
The centaur skeleton is heavily damaged.
The centaur skeleton hits you!
* * * LOW HITPOINT WARNING * * *
You hit the centaur skeleton. You squeeze the centaur skeleton.
The centaur skeleton is almost destroyed.
The centaur skeleton hits you!
* * * LOW HITPOINT WARNING * * *
The centaur skeleton hits you.
You die...

..........#
.##.####.##
#.####.######
#...........#
#...........#
#...........#
#...........#
#...........#
#.####@######
#. #Z#
........#
.......##
S......
.$.....
.......
.......
.......


You could see a centaur skeleton.

Vanquished Creatures
  A gnoll (D:2)
  3 adders
  An ooze (D:1)
  2 dart slugs
  2 leopard geckos (D:2)
  2 giant cockroaches
  5 hobgoblins
  2 jackals (D:2)
  2 ball pythons
  9 bats
  2 frilled lizards (D:1)
  3 kobolds
  2 rats (D:1)
36 creatures vanquished.

Notes
Turn   | Place    | Note
-------+----------+-------------------------------------------
     0 | D:1      | Nattfarinn the Octopode Assassin began the quest for the Orb.
     0 | D:1      | Reached XP level 1. HP: 14/14 MP: 1/1
   340 | D:1      | Reached XP level 2. HP: 19/19 MP: 2/2
   408 | D:1      | Reached skill level 6 in Stealth
   590 | D:2      | Reached XP level 3. HP: 24/24 MP: 3/3
   593 | D:2      | Found a radiant altar of Vehumet.
   808 | D:2      | Found a glowing golden altar of the Shining One.
  1039 | D:2      | Reached skill level 7 in Stealth
  1065 | D:2      | Reached XP level 4. HP: 15/30 MP: 4/4
  1246 | D:3      | Found a basalt altar of Yredelemnul.
  1251 | D:3      | Found a shattered altar of Ashenzari.
  1356 | D:3      | Found a snail-covered altar of Cheibriados.
  1677 | D:4      | Slain by a centaur skeleton

Skill      XL: |  1  2  3 |
---------------+----------+-----
Stealth        | 6 7 |  7.4
Fighting       | |  2.5
Short Blades   | |  2.1
Throwing       | |  2.0
Dodging        | |  1.0

Action                   |  1- 3 |  4- 6 || total
-------------------------+-------+-------++-------
Melee: Dagger            |     8 |       ||     8
       Spear             |    58 |    19 ||    77
       Constrict         |    10 |       ||    10
       Tentacles         |     4 |     1 ||     5
  Use: Potion            |     1 |       ||     1
 Stab: Sleeping          |     5 |     4 ||     9
  Eat: Chunk             |       |     1 ||     1
Armor: Skin              |    10 |       ||    10
Dodge: Dodged            |    31 |     7 ||    38
